 Dungeon Crawl Stone Soup version 0.15-a0-23-gfd8676b (webtiles) character file.

851 4tharraofdagon the Chopper (level 7, 0/44 HPs)
             Began as a Gargoyle Gladiator on Mar 31, 2014.
             Was a Follower of Zin.
             Slain by a crocodile (6 damage)
             ... on Level 10 of the Dungeon.
             The game lasted 00:13:03 (2581 turns).

4tharraofdagon the Chopper (Gargoyle Gladiator)     Turns: 2581, Time: 00:13:03

HP   0/44        AC 24     Str 19      XL: 7   Next: 66%
MP   7/7         EV  2     Int 10      God: Zin [*.....]
Gold 149         SH  0     Dex 10      Spells:  0 memorised,  6 levels left

rFire  . . .     SeeInvis +     a - +0 war axe
rCold  . . .     Clarity  .     j - +0 crystal plate armour
rNeg   + + .     Conserve .     (no shield)
rPois  +         rCorr    .     c - +0 helmet
rElec  +         rRot     +     (no cloak)
SustAb . .       Spirit   .     p - +0 pair of gloves
rMut   .         Warding  .     (no boots)
Saprov . . .     Stasis   .     (no amulet)
MR     .....                    k - ring of positive energy
                                t - ring of see invisible

@: not resistant to hostile enchantments, extremely unstealthy
A: life protection 1, electricity resistance, unbreathing, petrification
resistance, AC +4
a: Recite, Renounce Religion


You were on level 10 of the Dungeon.
You worshipped Zin.
Zin was aware of your devotion.
You were hungry.

You visited 1 branch of the dungeon, and saw 10 of its levels.

You collected 165 gold pieces.
You donated 16 gold pieces.

Inventory:

Hand weapons
 a - a +0,+0 war axe (weapon)
Armour
 b - a +0 leather armour
 c - a +0 helmet (worn)
 j - a +0 crystal plate armour (worn)
 p - a +0 pair of gloves (worn)
Magical devices
 q - a wand of magic darts (0)
 y - a wand of digging (12)
Comestibles
 d - a meat ration
 f - 3 bread rations
Scrolls
 e - 2 scrolls of enchant weapon I {unknown}
 g - a scroll of identify
 i - 2 scrolls of teleportation
 m - a scroll of fear {unknown}
 n - 2 scrolls of immolation {unknown}
 s - 2 scrolls of fog {unknown}
 u - 3 scrolls of remove curse {unknown}
 A - 2 scrolls of amnesia {unknown}
Jewellery
 h - an uncursed ring of magical power
 k - a ring of positive energy (right hand)
 l - an uncursed ring of flight
 r - an uncursed ring of invisibility
 t - a ring of see invisible (left hand)
Potions
 o - 2 potions of lignification
 w - a potion of confusion
 z - a potion of flight


   Skills:
 + Level 4.7 Fighting
 * Level 5.8 Axes
 - Level 2.0 Throwing
 + Level 4.4 Armour
 - Level 2.4 Dodging
 + Level 0.2 Invocations


You had 6 spell levels left.
You didn't know any spells.

Dungeon Overview and Level Annotations

Branches:
Dungeon (10/15)            Temple (0/1) D:5
    Orc: D:9-12        Lair: D:8-11

Altars:
Dithmenos
Kikubaaqudgha
Nemelex Xobeh
Zin


Innate Abilities, Weirdness & Mutations

You are resistant to torment.
You are immune to poison.
You are immune to rotting.
Your stone body is very resilient (AC +4).
You resist negative energy.
You are resistant to electric shocks.
You can survive without breathing.
You are immune to petrification.


Message History

The crocodile bites you but does no damage.
Unknown command.
You closely miss the crocodile.
The crocodile is almost dead.
The crocodile bites you but does no damage. x2
Unknown command.
Your crystal plate armour prevents you from hitting the crocodile.
The crocodile is almost dead.
The crocodile bites you.
* * * LOW HITPOINT WARNING * * *
Unknown command.
You closely miss the crocodile.
The crocodile is almost dead.
The crocodile bites you but does no damage.
Unknown command.
Unknown command.
You closely miss the crocodile.
The crocodile is almost dead.
The crocodile bites you.
You die...

# #. #. #. #.
##.## #..%#
#...# #..@##
#####..t.####
.............+
#####....####
###.#.##
#...<..#
#...##.# #.<.
.# #..# .#


You could see a crocodile.

Vanquished Creatures
  A hippogriff (D:8)
  A centaur (D:5)
  A giant frog (D:7)
  A jelly (D:7)
  A centaur zombie (D:6)
  An orc priest (D:5)
  A hound (D:5)
  2 worker ants
  An iguana (D:4)
  4 gnolls
  6 adders
  A green rat (D:6)
  3 giant mites (D:6)
  A shadow imp (D:9)
  4 worms
  An iguana skeleton (D:5)
  A giant eyeball (D:7)
  4 giant geckos
  5 orcs
  A ball python (D:3)
  3 giant cockroaches
  5 goblins
  3 hobgoblins
  7 jackals
  9 kobolds
  An ooze (D:3)
  5 bats
  4 giant newts
  A kobold skeleton (D:8)
  An orc skeleton (D:4)
  14 rats
94 creatures vanquished.

Notes
Turn   | Place    | Note
--------------------------------------------------------------
     0 | D:1      | 4tharraofdagon, the Gargoyle Gladiator, began the quest for the Orb.
     0 | D:1      | Reached XP level 1. HP: 12/12 MP: 1/1
    12 | D:1      | Found a sparkling altar of Nemelex Xobeh.
    48 | D:1      | Reached XP level 2. HP: 12/18 MP: 2/2
    51 | D:1      | Reached skill level 3 in Axes
    94 | D:3      | Reached skill level 1 in Armour
   138 | D:3      | Reached XP level 3. HP: 11/22 MP: 3/3
   310 | D:2      | Found an ancient bone altar of Kikubaaqudgha.
   455 | D:4      | Reached XP level 4. HP: 13/27 MP: 4/4
   641 | D:4      | Reached skill level 4 in Axes
   641 | D:4      | Reached XP level 5. HP: 17/32 MP: 5/5
   661 | D:5      | Entered Level 5 of the Dungeon
   934 | D:6      | Found a sparkling altar of Nemelex Xobeh.
   986 | D:7      | Noticed a sky beast
  1025 | D:7      | Paralysed by a giant eyeball for 3 turns
  1115 | D:7      | Reached XP level 6. HP: 27/37 MP: 6/6
  1280 | D:6      | Noticed a two-headed ogre
  1333 | D:6      | Noticed a centaur
  1465 | D:4      | Noticed an angel
  1466 | D:4      | Found a glowing silver altar of Zin.
  1618 | D:4      | Became a worshipper of Zin the Law-Giver
  1618 | D:4      | Acquired Zin's first power
  1678 | D:5      | Noticed an ice beast
  1861 | D:5      | Reached skill level 5 in Axes
  2017 | D:5      | Killed a centaur
  2017 | D:5      | Reached XP level 7. HP: 24/43 MP: 7/7
  2055 | D:5      | Found a staircase to the Ecumenical Temple.
  2388 | D:8      | Noticed a hippogriff
  2403 | D:8      | Killed a hippogriff
  2521 | D:9      | Found a shadowy altar of Dithmenos.
  2549 | D:10     | Entered Level 10 of the Dungeon
  2581 | D:10     | Slain by a crocodile

Action                   |  1- 3 |  4- 6 |  7- 9 || total
-------------------------+-------+-------+-------++-------
Melee: War axe           |    98 |   242 |   122 ||   462
Throw: Throwing net      |     3 |     7 |     2 ||    12
Evoke: Wand              |       |    15 |       ||    15
  Use: Scroll            |       |     2 |     2 ||     4
       Potion            |       |     3 |       ||     3
 Stab: Held in net/web   |     2 |     1 |     2 ||     5
